 Dungeon Crawl Stone Soup version 0.27.0-1-g7a089689b8 (webtiles) character file.

Game seed: 1650573980697404301

1595 Malachi the Cudgeller (level 8, 0/79 HPs)
             Began as a Troll Fighter on Aug 12, 2021.
             Succumbed to a water moccasin's poison
             ... on level 7 of the Dungeon.
             The game lasted 00:07:56 (5445 turns).

Malachi the Cudgeller (Troll Fighter)               Turns: 5445, Time: 00:07:57

Health: 0/79       AC:  6    Str: 27      XL:     8   Next: 62%
Magic:  7/7        EV: 10    Int:  3 (4)  God:
Gold:   372        SH:  0    Dex:  8 (9)  Spells: 7/7 levels left

rFire    + . .     SeeInvis .   q - +0 giant club
rCold    + . .     Faith    .   (shield currently unavailable)
rNeg     . . .     Spirit   .   i - +2 robe {rC+ rF+}
rPois    .         Reflect  .   (helmet restricted)
rElec    .         Harm     .   (no cloak)
rCorr    .         Rampage  .   (gloves unavailable)
Will     .....                  (boots unavailable)
Stlth    +.........             (no amulet)
HPRegen  1.23/turn              (no ring)
MPRegen  0.10/turn              (no ring)

@: lethally poisoned (0 -> -9), attractive
A: large, unfitting armour, claws 3, regeneration 1, shaggy fur 1, tough skin 1,
deterioration 1, subdued magic 1
a: no special abilities


You were on level 7 of the Dungeon.
You visited 1 branch of the dungeon, and saw 7 of its levels.

You collected 372 gold pieces.

Inventory:

Hand Weapons
 a - a +0 flail
 p - a +1 flail of holy wrath
 q - a +0 giant club (weapon)
Armour
 b - a +0 robe
 c - a +0 kite shield
 i - a +2 robe of resistance (worn)
Jewellery
 f - a ring of fire
 k - an amulet of magic regeneration
 l - a ring of fire
Wands
 g - a wand of flame (17)
 o - a wand of digging (6)
Scrolls
 e - 3 scrolls of identify
 m - 3 scrolls of teleportation
Potions
 d - a potion of might


   Skills:
 + Level 4.4 Fighting
 + Level 6.3 Maces & Flails
 + Level 4.9 Dodging
 + Level 0.2 Stealth
 + Level 4.9 Shields


You had 7 spell levels left.
You didn't know any spells.
Your spell library contained the following spells:

 Spells                   Type           Power      Damage    Failure   Level
 Animate Skeleton         Necr           0%         N/A       47%         1
 Apportation              Tloc           0%         N/A       47%         1
 Corona                   Hex            0%         N/A       47%         1
 Summon Small Mammal      Summ           0%         N/A       47%         1
 Ensorcelled Hibernation  Hex/Ice        0%         N/A       63%         2
 Static Discharge         Conj/Air       0%         N/A       63%         2
 Gell's Gravitas          Tloc           0%         N/A       86%         3
 Lesser Beckoning         Tloc           0%         N/A       86%         3
 Spider Form              Tmut/Pois      0%         N/A       86%         3
 Teleport Other           Tloc           0%         N/A       86%         3
 Tukima's Dance           Hex            0%         N/A       86%         3
 Lightning Bolt           Conj/Air       0%         1d11      100%        5
 Shadow Creatures         Summ           N/A        N/A       100%        6
 Maxwell's Capacitive Co  Air            0%         ∞         100%        8


Dungeon Overview and Level Annotations

Branches:
Dungeon (7/15)
 Temple: D:4-7

Altars:
Makhleb
Wu Jian

Shops:
D:4 =   D:6 *

Annotations:
D:3 2 runed translucent doors, chipmonk's ghost, amateur TeFE
D:6 2 transporters, vaahaXXX's ghost, novice TeAE


Innate Abilities, Weirdness & Mutations

You are too large for most types of armour.
You have claws for hands.
Your natural rate of healing is unusually fast.
You are covered in fur. (AC +1)
You have tough skin. (AC +1)
Your body sometimes deteriorates upon taking damage.
Your spells are a little easier to cast, but a little less powerful.


Message History

A water moccasin is nearby!
The water moccasin bites you.
You are poisoned.
The water moccasin poisons you! The water moccasin closely misses you.
You barely miss the water moccasin.
You feel very sick. The water moccasin bites you!
Your body deteriorates!
You feel dopey. The water moccasin bites you!
You are more poisoned.
The water moccasin poisons you!
You miss the water moccasin.
You feel extremely sick. The water moccasin bites you.
You are more poisoned.
The water moccasin poisons you! The water moccasin barely misses you.
You miss the water moccasin.
Your body deteriorates!
You feel clumsy.
You feel extremely sick. The water moccasin bites you.
You barely miss the water moccasin.
You feel extremely sick.
The water moccasin bites you but does no damage.
The water moccasin closely misses you.
Unknown command.
It was a potion of attraction.
You feel attractive to monsters.
You feel very sick. The water moccasin bites you.
* * * LOW HITPOINT WARNING * * *
You are more poisoned.
The water moccasin poisons you! The water moccasin bites you.
* * * LOW HITPOINT WARNING * * *
You barely miss the water moccasin.
* * * LOW HITPOINT WARNING * * *
You feel extremely sick. The water moccasin bites you.
* * * LOW HITPOINT WARNING * * *
You miss the water moccasin.
You die...

#. .. #. #.##
## #... .#
#..###^######
#.S#.........
#.@#.#.######
#......#
#.##.### #.
#.# .. ..#
##. ..#
#..... ###..#
#..#


You could see a water moccasin.

Vanquished Creatures
  Sigmund (D:3)
  Eustachio (D:5)
  Edmund (D:4)
  An orc warrior (D:4)
  2 sky beasts
  A necrophage (D:6)
  An ogre (D:5)
  2 kobold brigands (D:6)
  A bullfrog (D:4)
  A water moccasin zombie (D:5)
  A bullfrog zombie (D:6)
  2 hounds
  A bullfrog skeleton (D:4)
  A centaur zombie (D:6)
  An orc priest (D:6)
  A gnoll shaman (D:4)
  An iguana (D:5)
  3 orc wizards
  7 adders
  2 ufetubi
  2 adder skeletons (D:4)
  5 orcs
  5 bats
  6 endoplasms
  6 giant cockroaches
  7 goblins
  7 hobgoblins
  A jackal (D:4)
  4 quokkas
  6 ball pythons
  3 frilled lizards
  18 kobolds
  5 rats
107 creatures vanquished.

Notes
Turn   | Place    | Note
-------+----------+-------------------------------------------
     0 | D:1      | Malachi the Troll Fighter began the quest for the Orb.
     0 | D:1      | Reached XP level 1. HP: 22/22 MP: 0/0
   174 | D:1      | Reached XP level 2. HP: 29/29 MP: 1/1
   192 | D:1      | Reached skill level 2 in Maces & Flails
   591 | D:2      | Reached XP level 3. HP: 10/36 MP: 2/2
  1215 | D:3      | Reached XP level 4. HP: 35/44 MP: 3/3
  1661 | D:3      | Found a large runed translucent door.
  1661 | D:3      | Found a large runed translucent door.
  1665 | D:3      | Noticed chipmonk's ghost (amateur TeFE)
  1766 | D:3      | Noticed Sigmund
  1791 | D:3      | Killed Sigmund
  1792 | D:3      | Reached skill level 3 in Maces & Flails
  1792 | D:3      | Reached XP level 5. HP: 38/53 MP: 4/4
  1815 | D:3      | Found a faded altar of an unknown god.
  1948 | D:3      | Found an ornate altar of the Wu Jian Council.
  2275 | D:4      | Found a burning altar of Makhleb.
  2325 | D:4      | Noticed Edmund
  2357 | D:4      | Killed Edmund
  2358 | D:4      | Reached skill level 4 in Maces & Flails
  2358 | D:4      | Reached XP level 6. HP: 24/61 MP: 5/5
  2529 | D:4      | Noticed an orc warrior
  2599 | D:4      | Killed an orc warrior
  2600 | D:4      | Reached XP level 7. HP: 26/67 MP: 6/6
  2730 | D:4      | Found Esydaysi's Jewellery Boutique.
  3221 | D:5      | Entered Level 5 of the Dungeon
  3281 | D:5      | Noticed Eustachio
  3470 | D:5      | Killed Eustachio
  3558 | D:5      | Reached skill level 5 in Maces & Flails
  3561 | D:5      | Reached XP level 8. HP: 52/78 MP: 7/7
  4146 | D:5      | Gained mutation: Your body sometimes deteriorates upon
                  | taking damage. [potion of mutation]
  4146 | D:5      | Gained mutation: Your spells are a little easier to cast,
                  | but a little less powerful. [potion of mutation]
  4535 | D:6      | Found Zaelasm's General Store.
  4729 | D:6      | Reached skill level 6 in Maces & Flails
  4841 | D:6      | Found a transporter.
  4846 | D:6      | Found a transporter.
  4858 | D:6      | Noticed a queen bee
  5413 | D:6      | Noticed vaahaXXX's ghost (novice TeAE)
  5445 | D:7      | Succumbed to a water moccasin's poison

Illustrated notes

Levels and vault maps discovered:
D:1:      saegor_arrival_simple_e, layout_basic
D:2:      layout_basic
D:3:      layout_basic, nzn_wu_jian_council_hall,
          ebering_ecumenical_altar_abandoned, ebering_ghost_disaster_area,
          uniq_sigmund
D:4:      minmay_razor_zed, layout_basic, bloody_makhleb, serial_shops,
          nicolae_shop_window_shopping, uniq_edmund
D:5:      layout_loops_ring, uniq_eustachio
D:6:      layout_gridville, gammafunk_ghost_hive, serial_shops, shop
D:7:      layout_loops_ring, grunt_temple_overflow_diamond,
          minmay_temple_entry_overgrown

Skill      XL: |  1  2  3  4  5  6  7  8 |
---------------+-------------------------+-----
Maces & Flails | 2 3 4 5 6 |  6.3
Shields        | 3 4 |  4.9
Fighting       | 3 4 |  4.4
Dodging        | 3 4 |  4.9
Stealth        | |  0.2

Action                   |  1- 3 |  4- 6 |  7- 9 || total
-------------------------+-------+-------+-------++-------
Melee: Flail             |   137 |   149 |   233 ||   519
       Giant club        |       |       |   138 ||   138
  Use: Scroll            |     4 |     1 |     1 ||     6
       Potion            |     2 |     1 |     6 ||     9
Armor: Robe              |    68 |    53 |   294 ||   415
Dodge: Dodged            |    58 |    65 |   296 ||   419
Block: Kite shield       |    72 |   104 |   163 ||   339
